 Dungeon Crawl Stone Soup version 0.14-a0-1765-g49ce880 (webtiles) character file.

231 M4edhros the Shield-Bearer (level 5, 0/36 HPs)
             Began as an Octopode Fighter on Jan 5, 2014.
             Hit by a tomahawk thrown by an orc (2 damage)
             ... on Level 4 of the Dungeon.
             The game lasted 00:01:43 (700 turns).

M4edhros the Shield-Bearer (Octopode Fighter)        Turns: 700, Time: 00:01:43

HP   0/36        AC  1     Str 20      XL: 5   Next: 19%
MP   5/5         EV 11     Int 12      God:
Gold 95          SH 20     Dex 11      Spells:  0 memorised,  4 levels left

rFire  . . .     SeeInvis .     a - +0 trident
rCold  . . .     Clarity  .     c - +0 shield
rNeg   . . .     Conserve .     (helmet restricted)
rPois  .         rCorr    .     (no amulet)
rElec  .         rRot     .     (no ring)
SustAb . .       Spirit   .     (no ring)
rMut   .         Warding  .     (no ring)
Saprov . . .     Stasis   .     (no ring)
                                (no ring)
                                (no ring)
                                (no ring)
                                (no ring)

@: mighty, slightly resistant to hostile enchantments, fairly stealthy
A: almost no armour, amphibious, 8 rings, constrict 8, camouflage 1, gelatinous
body 1
a: no special abilities


You were on level 4 of the Dungeon.
You were not hungry.

You visited 1 branch of the dungeon, and saw 4 of its levels.

You collected 95 gold pieces.

Inventory:

Hand weapons
 a - a +0,+0 trident (weapon)
 o - a +0,+0 crossbow
Armour
 c - a +0 shield (worn)
Comestibles
 d - a bread ration
 g - a choko
 j - 2 meat rations
 k - a pear
 l - a royal jelly
Scrolls
 b - 2 scrolls of remove curse {unknown}
 e - 3 scrolls of teleportation {unknown}
 f - a scroll of recharging {unknown}
 m - a scroll of noise {unknown}
 n - a scroll of immolation {unknown}


   Skills:
 - Level 3.0 Fighting
 - Level 2.0 Polearms
 - Level 3.0 Dodging
 + Level 5.7 Shields


You had 4 spell levels left.
You didn't know any spells.

Dungeon Overview and Level Annotations

Branches:
Dungeon (4/16)
 Temple: D:4-7

Altars:
Trog


Innate Abilities, Weirdness & Mutations

You cannot wear most types of armour.
You are amphibious.
You can wear up to eight rings at the same time.
You can use your tentacles to constrict many enemies at once.
Your skin changes colour to match your surroundings (Stlth).
Your rubbery body absorbs attacks (AC +1).


Message History

* * * LOW HITPOINT WARNING * * *
You miss it. You squeeze it! It hits you.
* * * LOW HITPOINT WARNING * * *
You miss it. It hits you.
* * * LOW HITPOINT WARNING * * *
It hits you.
* * * LOW HITPOINT WARNING * * *
You aren't carrying any potions.
You puncture it!
Reactivating autopickup.
You have reached level 5!
You feel clever.
You feel a bit more experienced.
There is an escape hatch in the floor here.
There is an open door here.
There is a stone staircase leading up here.
You hit the orc. Your grab misses the orc. You squeeze the orc.
You kill the orc!
The orc throws a tomahawk.
The tomahawk hits you!
You die...

#...##≈...≈#≈#.#.
#...#⌠≈...≈#≈#.#. .
#...##§§_..'...#. ..
##'##⌠≈§..§#≈#### ###.
#.###§§.§§#≈# # ###...
#.###≈≈≈§§#≈# # .......
#..###⌠#§##≈# .......
####.#######≈≈#### .......
####@.........####...
#...(...#####.o%..........####...
#.......'.))>.##..........+.##...
#.......########...%..8...#.§#...
....... #..........§§§§%%.
....... #.........§§§§§...
....... #.......§§§§§§§... ......
#.......§...§8.... #####
####+##########...


You could see an orc.

Vanquished Creatures
  A centaur skeleton (D:4)
  2 orc wizards (D:4)
  An adder (D:4)
  2 inept feature mimics
  A worm (D:2)
  2 adder skeletons (D:4)
  A giant gecko (D:1)
  3 orcs
  2 hobgoblins
  A ball python (D:1)
  5 bats
  A giant cockroach (D:4)
  A giant gecko skeleton (D:4)
  A giant newt (D:1)
  3 goblins
  2 kobolds
  6 rats
35 creatures vanquished.

Notes
Turn   | Place    | Note
--------------------------------------------------------------
     0 | D:1      | M4edhros, the Octopode Fighter, began the quest for the Orb.
     0 | D:1      | Reached XP level 1. HP: 16/16 MP: 1/1
   139 | D:1      | Reached XP level 2. HP: 17/21 MP: 2/2
   362 | D:2      | Reached skill level 4 in Shields
   367 | D:2      | Reached XP level 3. HP: 21/26 MP: 3/3
   499 | D:4      | Reached XP level 4. HP: 26/31 MP: 4/4
   512 | D:4      | Reached skill level 5 in Shields
   546 | D:4      | Found a bloodstained altar of Trog.
   693 | D:4      | HP: 1/31 [something (1)]
   694 | D:4      | Reached XP level 5. HP: 1/36 MP: 5/5
   700 | D:4      | Hit by a tomahawk thrown by an orc

Action                   |  1- 3 |  4- 6 || total
-------------------------+-------+-------++-------
Melee: Trident           |    48 |    23 ||    71
  Use: Potion            |       |     2 ||     2
 Stab: Sleeping          |     4 |       ||     4
